 Dungeon Crawl Stone Soup version 0.29-a0-563-g64e4043184 (webtiles) character file.

Game seed: 10539460257440990356

153 LilSandi the Chopper (level 5, 46/47 HPs)
             Began as a Hill Orc Fighter on June 11, 2022.
             Quit the game on level 4 of the Dungeon on June 12, 2022.
             The game lasted 00:23:41 (2993 turns).

LilSandi the Chopper (Hill Orc Fighter)             Turns: 2993, Time: 00:23:42

Health: 46/47      AC: 10    Str: 21    XL:     5   Next: 35%
Magic:  5/5        EV:  9    Int: 14    God:
Gold:   120        SH:  4    Dex: 10    Spells: 4/4 levels left

rFire   . . .      SeeInvis .   a - +0 war axe
rCold   . . .      Faith    .   c - +0 buckler
rNeg    . . .      Spirit   .   b - +0 scale mail
rPois   .          Reflect  .   (no helmet)
rElec   .          Harm     .   m - +0 cloak
rCorr   .          Rampage  .   f - +1 pair of gloves
Will    .....                   (no boots)
Stlth   ..........              (no amulet)
HPRegen 0.15/turn               e - +6 ring of intelligence
MPRegen 0.09/turn               (no ring)

@: no status effects
A: no striking features
a: no special abilities


You were on level 4 of the Dungeon.
You visited 1 branch of the dungeon, and saw 4 of its levels.

You collected 120 gold pieces.

Inventory:

Hand Weapons
 a - a +0 war axe (weapon)
Missiles
 p - 5 curare-tipped darts (quivered)
Armour
 b - a +0 scale mail (worn)
 c - a +0 buckler (worn)
 f - a +1 pair of gloves (worn)
 m - a +0 cloak (worn)
Jewellery
 e - a +6 ring of intelligence (left hand)
 q - a +6 ring of intelligence
Scrolls
 h - 2 scrolls of summoning {unknown}
 i - 3 scrolls of identify {unknown}
 k - a scroll of vulnerability {unknown}
 l - a scroll of noise {unknown}
 n - a scroll of magic mapping {unknown}
 o - a scroll of enchant weapon {unknown}
 s - a scroll of immolation {unknown}
 v - 3 scrolls of teleportation {unknown}
Potions
 d - a potion of might
 g - a potion of brilliance {unknown}
 j - a potion of attraction {unknown}
 r - a potion of haste {unknown}
 t - a potion of resistance {unknown}
 u - 2 potions of degeneration {unknown}


   Skills:
 + Level 4.5 Fighting
 + Level 4.9 Axes
 + Level 4.0 Armour
 + Level 0.7 Dodging
 + Level 3.9 Shields


You had 4 spell levels left.
You didn't know any spells.
Your spell library was empty.

Dungeon Overview and Level Annotations

Branches:
Dungeon (4/15)
 Temple: D:4-7

Altars:


Message History

a +0 club; 5 stones; a kobold corpse
There is a stone staircase leading down here.
You climb downwards.
The gnoll shouts!
Found 19 gold pieces.
There is a stone staircase leading up here.
You climb upwards.
There is a stone staircase leading down here.
There is an open door here.
There is an open door here.
There is an open door here.
You see here a +0 hand axe.
There is an open door here.
There is a stone staircase leading down here.
You climb downwards.
There is a stone staircase leading up here.
A kobold comes into view. It is wielding a +0 club.
The kobold shouts!
You closely miss the kobold. The kobold barely misses you.
You hit the kobold.
The kobold is severely wounded.
The kobold hits you but does no damage. The kobold closely misses you.
You closely miss the kobold.
The kobold is severely wounded.
The kobold hits you but does no damage.
You miss the kobold.
The kobold is moderately wounded.
The kobold hits you with a +0 club.
You closely miss the kobold.
The kobold is moderately wounded.
The kobold hits you but does no damage. x2
You hit the kobold.
You kill the kobold!
Unknown command.
Saving game... please wait.
Welcome back, LilSandi the Hill Orc Fighter.
Press ? for a list of commands and other information.
Unknown command.
Unknown command.
Are you sure you want to abandon this character and quit the game? (Confirm with "yes".)

#.# #.# #.#
#.# #.# #.#
##########.#
#..@.......#
#)########<#
#. ### ..
##. #. #. #.


There were no monsters in sight!

Vanquished Creatures
  2 hounds
  A gnoll (D:1)
  2 adders (D:2)
  A shadow imp (D:3)
  3 worms
  A dart slug (D:2)
  3 orcs (D:3)
  3 endoplasms
  3 giant cockroaches
  5 goblins
  4 hobgoblins
  3 kobolds
  4 quokkas
  2 ball pythons (D:1)
  4 bats
  4 frilled lizards
  2 rats (D:2)
47 creatures vanquished.

Notes
Turn   | Place    | Note
-------+----------+-------------------------------------------
     0 | D:1      | LilSandi the Hill Orc Fighter began the quest for the Orb.
     0 | D:1      | Reached XP level 1. HP: 19/19 MP: 1/1
   175 | D:1      | Reached XP level 2. HP: 27/27 MP: 2/2
   188 | D:1      | Found a faded altar of an unknown god.
   723 | D:2      | Reached XP level 3. HP: 33/33 MP: 3/3
   741 | D:2      | Reached XP level 4. HP: 38/40 MP: 4/4
  1904 | D:3      | Reached XP level 5. HP: 34/47 MP: 5/5
  2993 | D:4      | Quit the game

Illustrated notes

Levels and vault maps discovered:
D:1:      nzn_arrival_water_spiral, layout_basic, basic_ecumenical_altar,
          minmay_misc_feat_enclosed
D:2:      layout_loops_corners
D:3:      layout_basic, minmay_misc_feat_hallway
D:4:      layout_basic, minmay_temple_entry_from_below_a,
          serial_co_window_serial, co_window_corner_a, co_window_paths_b,
          co_window_paths_b, co_window_of_opportunity_a, co_window_cross_1,
          co_window_unsneaky_path_d, co_window_corner_cb, co_window_paths_c,
          co_window_sun, co_window_4corner_a, glass_columns_a, glass_columns_a,
          glass_columns_a

Skill      XL: |  1  2  3  4 |
---------------+-------------+-----
Fighting       | 4 |  4.5
Axes           | 3 4 |  4.9
Armour         | 4 |  4.0
Dodging        | |  0.7
Shields        | |  3.9

Action                   |  1- 3 |  4- 6 || total
-------------------------+-------+-------++-------
Melee: War axe           |    56 |   131 ||   187
  Use: Potion            |       |     1 ||     1
Armor: Scale mail        |    36 |    53 ||    89
Dodge: Dodged            |    25 |    60 ||    85
Block: Buckler           |     9 |    21 ||    30

Table legend: (Time is in decaauts)
 A = Elapsed time spent in this place.
 B = Non-inter-level travel time spent in this place.
 C = Inter-level travel time spent in this place.
 D = Time resting spent in this place.
 E = Time spent auto-exploring this place.
 F = Levels seen in this place.
 G = Mean time per level.
                   A        B        C        D        E       F      G
               +--------+--------+--------+--------+--------+-----+--------+
         Total |   3066 |   2666 |    400 |    384 |     81 |   4 |  766.5 |
       Dungeon |   3066 |   2666 |    400 |    384 |     81 |   4 |  766.5 |
               +--------+--------+--------+--------+--------+-----+--------+

Top non-repeatable levels by time:
     D:3: 1293 daAuts
     D:2: 1016 daAuts
     D:1: 736 daAuts
     D:4: 20 daAuts
